cohdb
Replays
Latest Replays
All Replays
Popular Replays
Top Player Replays
Match Explorer
How It Works
Community
CoH3 Stats
Reddit
Sign in to upload your games and track your stats! →
Sign in with Steam
Match 44246339
Unlisted
Match 44246339
Overview
Messages
Build Orders
End
Engineer Squad
Construct Barracks
Construct Barracks
Selects Advanced Infantry Battlegroup
1⁄4-ton 4x4 Truck
Riflemen Squad
Infantry Support Center
Riflemen Squad
Selects Convert to Ranger Squad
Construct Motor Pool
Selects Frontline Medical Station
M1 Anti-tank Gun Team
M1 Anti-tank Gun Team
Frontline Medical Station
M1918 Browning Automatic Rifles
Selects Ammunition Storage
Advanced Logistics
Selects M2A1 105mm Howitzer Emplacement
Construct Medical Station
Construct Weapon Support Center
M1 Anti-tank Gun Team
M1 Anti-tank Gun Team
M1919 Machine Gun Team
Engineer Squad
Selects Free Fire Drills
Grenade Package
.30 cal Machine Gun
Frontline Medical Station
Selects Infantry Assault
Infantry Assault
Engineer Squad
Infantry Assault
Improved M9 Bazooka Rockets
AI Takeover
nilshousker
SuperJozzef
黄色的鸟人
Candy
iceman
Cockstar
irunfast2
Stark -_-
0
0
Comments
sign in to comment!
No comments posted yet!